 Dungeon Crawl Stone Soup version 0.30-b1-2-g02819fbbbe (webtiles) character file.

Game seed: 14017366809701481257

111 snakesoul the Magician (level 4, -6/24 HPs)
             Began as a Deep Elf Earth Elementalist on June 11, 2023.
             Splashed by a jelly's acid (9 damage)
             ... on level 3 of the Dungeon.
             The game lasted 00:02:10 (1854 turns).

snakesoul the Magician (DEEE)                       Turns: 1854, Time: 00:02:11

Health: -6/24      AC: -2    Str:  5    XL:     4   Next: 62%
Magic:  9/12       EV: 12    Int: 22    God:
Gold:   96         SH:  0    Dex: 15    Spells: 4/12 levels left

rFire   . . .        m - +2 spear (heavy)
rCold   . . .        (no shield)
rNeg    . . .        a - +0 robe
rPois   .            (no helmet)
rElec   .            (no cloak)
rCorr   .            (no gloves)
SInv    .            (no boots)
Will    .....        (no amulet)
Stlth   ++           (no ring)
HPRegen 0.24/turn    (no ring)
MPRegen 0.13/turn

%: no passive effects
@: corroded, very slightly contaminated
A: no striking features
a: no special abilities


You were on level 3 of the Dungeon.
You visited 1 branch of the dungeon, and saw 3 of its levels.

You collected 96 gold pieces.

Inventory:

Hand Weapons
 c - a +0 dagger
 m - a +2 heavy spear (weapon)
Armour
 a - a +0 robe (worn)
Jewellery
 g - a ring of ice
Scrolls
 d - a scroll of teleportation {unknown}
 e - a scroll of enchant weapon {unknown}
 j - a scroll of vulnerability {unknown}
 k - a scroll of amnesia {unknown}
 n - a scroll of brand weapon {unknown}
 o - a scroll of fog {unknown}
Potions
 f - a potion of flight {unknown}
 h - a potion of berserk rage {unknown}
 i - 2 potions of curing {unknown}
 l - a potion of mutation {unknown}
 p - a potion of resistance {unknown}


   Skills:
 - Level 2.4 Dodging
 - Level 2.4 Stealth
 + Level 4.5 Spellcasting
 * Level 0.4 Conjurations
 + Level 2.9 Transmutations
 + Level 4.3 Earth Magic


You had 4 spell levels left.
You knew the following spells:

 Your Spells              Type           Power      Damage    Failure   Level
a - Sandblast             Erth           48%        2d12      1%          1
b - Stone Arrow           Conj/Erth      30%        3d8       12%         3
c - Petrify               Tmut/Erth      20%        N/A       24%         4

Your spell library contained the following spells:

 Spells                   Type           Power      Damage    Failure   Level
 Passwall                 Tmut/Erth      16%        N/A       3%          2


Dungeon Overview and Level Annotations

Branches:
Dungeon (3/15)

Altars:
Makhleb

Annotations:
D:3 Ijyb


Message History

Confirm with . or Enter, or press ? or * to list all spells.
Aiming: Sandblast (safe; 1% risk of failure)
Press: ? - help, Shift-Dir - straight line, f/p - kobold
Aim: a kobold, wielding a +0 short sword and quivering stones (79% to hit)
The blast of sand hits the kobold.
The kobold is heavily wounded.
The kobold closely misses you.
A jelly comes into view.
Unknown command.
Casting: Sandblast (safe; 1% risk of failure)
Confirm with . or Enter, or press ? or * to list all spells.
Aiming: Sandblast (safe; 1% risk of failure)
Press: ? - help, Shift-Dir - straight line, f - Ijyb, p - kobold
Aim: Ijyb, wielding a +0 club, wearing a +4 chain mail of poison resistance and carrying a wand of roots (9) (moderately wounded, 83% to hit)
The blast of sand hits the kobold.
You kill the kobold!
Ijyb barely misses you.
Unknown command.
Casting: Sandblast (safe; 1% risk of failure)
Confirm with . or Enter, or press ? or * to list all spells.
Aiming: Sandblast (safe; 1% risk of failure)
Press: ? - help, Shift-Dir - straight line, f/p - Ijyb
Aim: Ijyb, wielding a +0 club, wearing a +4 chain mail of poison resistance and carrying a wand of roots (9) (moderately wounded, 83% to hit)
The blast of sand hits Ijyb but does no damage.
Ijyb is moderately wounded.
The jelly hits you. The acid corrodes you!
You are splashed with acid.
* * * LOW HITPOINT WARNING * * *
Ijyb barely misses you.
Unknown command.
Casting: Sandblast (safe; 1% risk of failure)
Confirm with . or Enter, or press ? or * to list all spells.
Aiming: Sandblast (safe; 1% risk of failure)
Press: ? - help, Shift-Dir - straight line, f/p - Ijyb
Aim: Ijyb, wielding a +0 club, wearing a +4 chain mail of poison resistance and carrying a wand of roots (9) (moderately wounded, 83% to hit)
The blast of sand hits Ijyb but does no damage.
Ijyb is moderately wounded.
The jelly hits you.
* * * LOW HITPOINT WARNING * * *
You are splashed with acid!
You die...

#.#.######.###..#
#.#...#..#.#.#..#
#.#.#.#..#...#..# .#.#
..#.#.#..##..#..# ...
#####.#.........# ... ..
#.#.###.###.# ..
#..##.#.#.....#.# .#
#.....#.#...#.#.###.###.##
+...............@g........
#.....#.......#J##...##.#
..###.#########.##...# ..
... ..##)).... . ####
#####..)#### #.... #.....
#...... ####....


You could see Ijyb and a jelly.

Vanquished Creatures
  Jessica (D:2)
  3 adders
  A worm (D:2)
  5 orcs (D:3)
  5 ball pythons
  3 bats (D:1)
  6 endoplasms
  3 giant cockroaches
  3 goblins
  4 hobgoblins
  2 jackals (D:1)
  5 kobolds
  6 rats
47 creatures vanquished.

Notes
Turn   | Place    | Note
-------+----------+-------------------------------------------
     0 | D:1      | snakesoul the Deep Elf Earth Elementalist began the quest
                  | for the Orb.
     0 | D:1      | Reached XP level 1. HP: 10/10 MP: 6/6
   236 | D:1      | Reached XP level 2. HP: 15/15 MP: 6/8
   720 | D:2      | Reached XP level 3. HP: 19/19 MP: 7/10
   897 | D:2      | Found a faded altar of an unknown god.
  1124 | D:2      | Learned a level 3 spell: Stone Arrow
  1253 | D:2      | Noticed Jessica
  1256 | D:2      | Killed Jessica
  1257 | D:2      | Reached XP level 4. HP: 24/24 MP: 9/12
  1442 | D:2      | Found a burning altar of Makhleb.
  1792 | D:3      | Learned a level 4 spell: Petrify
  1838 | D:3      | Noticed Ijyb
  1854 | D:3      | Splashed by a jelly's acid

Illustrated notes

Levels and vault maps discovered:
D:1:      matt_arrival_refuge, layout_basic, corner_web_ring,
          kennysheep_another_room
D:2:      layout_loops_corners, hellmonk_ecumenical_altar_inner_sanctum,
          basic_altar, uniq_jessica
D:3:      layout_basic, uniq_ijyb

Skill      XL: |  1  2  3 |
---------------+----------+-----
Transmutations | 2 |  2.9
Spellcasting   | 4 |  4.5
Earth Magic    | 4 |  4.3
Dodging        | |  2.4
Stealth        | |  2.4
Conjurations   | |  0.4

Action                     |  1- 3 |  4- 6 || total
---------------------------+-------+-------++-------
   Cast: Sandblast         |    40 |    24 ||    64
    Use: Potion            |       |     1 ||     1
 Armour: Robe              |       |     2 ||     2
  Dodge: Dodged            |     6 |    10 ||    16
